 Dungeon Crawl Stone Soup version 0.31.0-1-g2c135a0 (webtiles) character file.

Game seed: 2265394419849243280

2 jagoly the Trooper (level 1, 0/14 HPs)
             Began as a Gargoyle Monk on Feb 2, 2024.
             Killed from afar by Natasha (7 damage)
             ... with a magic dart
             ... on level 2 of the Dungeon.
             The game lasted 00:00:53 (110 turns).

jagoly the Trooper (Gargoyle Monk)                   Turns: 110, Time: 00:00:53

Health: 0/14       AC:  4    Str: 14    XL:     1   Next: 40%
Magic:  1/1        EV: 12    Int: 10    God:
Gold:   20         SH:  0    Dex: 12    Spells: 0/0 levels left

rFire   . . .        a - +0 hand axe
rCold   . . .        d - orb {light}
rNeg    + . .        b - +0 robe
rPois   ∞            (no helmet)
rElec   +            (no cloak)
rCorr   +            (no gloves)
SInv    .            (no boots)
Will    .....        (no amulet)
Stlth   +            g - ring of resist corrosion
HPRegen 0.22/turn    (no ring)
MPRegen 0.07/turn

%: no passive effects
@: glowing
A: sickness immunity, AC +2, negative energy resistance 1, electricity
resistance, torment resistance 1, petrification resistance
a: no special abilities


You were on level 2 of the Dungeon.
You visited 1 branch of the dungeon, and saw 2 of its levels.

You collected 20 gold pieces.

Inventory:

Hand Weapons
 a - a +0 hand axe (weapon)
Missiles
 f - 2 boomerangs (quivered)
Armour
 b - a +0 robe (worn)
 d - an orb of light (worn)
Jewellery
 g - a ring of resist corrosion (left hand)
Scrolls
 e - a scroll of butterflies {unknown}
 h - a scroll of teleportation {unknown}
Potions
 c - a potion of ambrosia


   Skills:
 + Level 3.3 Fighting
 * Level 2.7 Axes
 + Level 0.1 Armour
 + Level 2.4 Dodging


You couldn't memorise any spells.
You didn't know any spells.
Your spell library was empty.

Dungeon Overview and Level Annotations

Branches:
Dungeon (2/15) Zot: 11886

Altars:

Annotations:
D:2 Natasha


Innate Abilities, Weirdness & Mutations

You are immune to sickness and miasma.
Your stone body is resilient. (AC +2)
You are immune to poison.
You resist negative energy. (rN+)
You are resistant to electric shocks. (rElec)
You are resistant to unholy torment.
You are immune to petrification.


Message History

Welcome, jagoly the Gargoyle Monk.
It is said that the Orb of Zot exists deep within this dungeon.
Press ? for a list of commands and other information.
Found 20 gold pieces.
Found a staircase leading out of the dungeon.
Adjust (i)tems, (s)pells, or (a)bilities?
Okay, then.
You now have 12 gold pieces.
You now have 20 gold pieces (gained 8).
You open the door.
Found a ring mail.
There is an open door here.
You see here a +0 ring mail.
Found a mace.
Found a stone staircase leading down.
A hobgoblin comes into view.
There is a stone staircase leading down here.
You climb downwards.
There is a stone staircase leading up here.
You climb upwards.
The hobgoblin barely misses you.
There is a stone staircase leading down here.
You hit the hobgoblin but do no damage. The hobgoblin misses you.
You barely miss the hobgoblin. The hobgoblin barely misses you.
You hit the hobgoblin but do no damage. The hobgoblin closely misses you.
The hobgoblin barely misses you.
You hit the hobgoblin but do no damage. The hobgoblin closely misses you.
You hit the hobgoblin.
The hobgoblin is moderately wounded.
The hobgoblin hits you.
You hit the hobgoblin.
The hobgoblin is severely wounded.
The hobgoblin hits you.
You hit the hobgoblin but do no damage.
The hobgoblin is severely wounded.
The hobgoblin barely misses you.
You hit the hobgoblin.
You kill the hobgoblin!
Found a scroll labelled TYUMATAN UCHOBBEBI.
e - a scroll labelled TYUMATAN UCHOBBEBI HP restored.
Found 2 boomerangs and a scroll labelled TEPASO WIPPI.
A kobold comes into view.
It is wielding a +2 short sword of draining.
Found a twisted granite ring.
The kobold shouts!
The kobold throws a stone.
The stone closely misses you.
You see here 2 boomerangs.
f - 2 boomerangs The kobold throws a stone.
The stone closely misses you.
The kobold throws a stone.
The stone hits you but does no damage.
The kobold throws a stone.
The stone closely misses you. The kobold barely misses you.
You hit the kobold but do no damage. The kobold barely misses you.
You barely miss the kobold. The kobold misses you.
You barely miss the kobold. The kobold closely misses you.
You barely miss the kobold.
The kobold hits you with a +2 short sword of draining.
You hit the kobold.
You kill the kobold!
No target in view!
No target in view!
Things that are here:
a +2 short sword of draining; 2 stones; a kobold corpse
g - a ring of resist corrosion
h - a scroll labelled TEPASO WIPPI
g - a ring of resist corrosion (left hand)
A malevolent force fills the Dungeon...
You fall into a shaft and drop 1 floor!
The shaft crumbles and collapses.
Found a stone staircase leading down.
Natasha, Servant of Life and Death comes into view.
Natasha hisses angrily.
You hit Natasha.
Natasha is moderately wounded.
Natasha claws you but does no damage.
You barely miss Natasha.
Natasha is moderately wounded.
Natasha claws you!
Ouch! That really hurt!
* * * LOW HITPOINT WARNING * * *
Natasha casts a spell at you. The magic dart hits you!
Ouch! That really hurt!
You die...
Natasha curls up and begins to purr.

#####.#
#.## #..#
##.#
#.###
#...# #
###.###.#
#.#...#
#.@h#
##.>...#
#####.# #


You could see Natasha.

Vanquished Creatures
  A hobgoblin (D:1)
  A kobold (D:1)
2 creatures vanquished.

Notes
Turn   | Place    | Note
-------+----------+-------------------------------------------
     0 | D:1      | jagoly the Gargoyle Monk began the quest for the Orb.
     0 | D:1      | Reached XP level 1. HP: 14/14 MP: 1/1
    97 | D:1      | You fall into a shaft and drop 1 floor!
   107 | D:2      | Noticed Natasha
   110 | D:2      | Killed from afar by Natasha

Illustrated notes

Levels and vault maps discovered:
D:1:      minmay_arrival_cross, layout_loops_cross,
          dreamdust_ecumenical_altar_statues, nicolae_hexahallways
D:2:      layout_basic, basic_altar, hangedman_decor_growths, uniq_natasha

Action                     || total
---------------------------++-------
  Melee: Hand axe          ||    15
 Armour: Robe              ||     7
  Dodge: Dodged            ||    14
